 Dungeon Crawl Stone Soup version 0.29.0-3-gbb0933ed62 (webtiles) character file.

Game seed: 12037313523591383234

18 gelatine the Firebug (level 2, -7/19 HPs)
             Began as a Demonspawn Fire Elementalist on Aug 26, 2022.
             Mangled by Natasha (8 damage)
             ... on level 2 of the Dungeon.
             The game lasted 00:02:00 (1102 turns).

gelatine the Firebug (Demonspawn Fire Elementalist) Turns: 1102, Time: 00:02:01

Health: -7/19      AC:  2    Str:  8    XL:     2   Next: 48%
Magic:  2/5        EV: 12    Int: 16    God:
Gold:   42         SH:  4    Dex: 13    Spells: 4/5 levels left

rFire   . . .      SeeInvis .   e - +0 whip
rCold   . . .      Faith    .   (no shield)
rNeg    . . .      Spirit   .   a - +0 robe
rPois   .          Reflect  .   f - +0 hat
rElec   .          Harm     .   (no cloak)
rCorr   .          Rampage  .   (no gloves)
Will    .....                   (no boots)
Stlth   ++........              (no amulet)
HPRegen 0.06/turn               (no ring)
MPRegen 0.09/turn               (no ring)

@: brilliant
A: condensation shield
a: no special abilities


You were on level 2 of the Dungeon.
You visited 1 branch of the dungeon, and saw 2 of its levels.

You collected 42 gold pieces.

Inventory:

Hand Weapons
 e - a +0 whip (weapon)
Armour
 a - a +0 robe (worn)
 f - a +0 hat (worn)
Scrolls
 c - 2 scrolls of identify {unknown}
 d - a scroll of magic mapping {unknown}
 g - a scroll of teleportation {unknown}
 i - a scroll of fear {unknown}
 k - a scroll of noise {unknown}
Potions
 b - a potion of magic
 j - a potion of invisibility {unknown}
 l - a potion of berserk rage {unknown}


   Skills:
 + Level 1.8 Dodging
 + Level 2.2 Stealth
 + Level 2.3 Spellcasting
 + Level 1.1 Conjurations
 + Level 2.9 Fire Magic


You had 4 spell levels left.
You knew the following spells:

 Your Spells              Type           Power      Damage    Failure   Level
a - Foxfire               Conj/Fire      48%        2x1d6     9%          1

Your spell library contained the following spells:

 Spells                   Type           Power      Damage    Failure   Level
 Scorch                   Fire           32%        2d6       10%         2
 Conjure Flame            Conj/Fire      12%        6-21      26%         3
 Blink                    Tloc           4%         N/A       30%         2
 Inner Flame              Hex/Fire       9%         N/A       32%         3
 Flame Wave               Conj/Fire      12%        2d6       65%         4
 Manifold Assault         Tloc           2%         N/A       99%         5
 Storm Form               Tmut/Air       1%         N/A       100%        7


Dungeon Overview and Level Annotations

Branches:
Dungeon (2/15)

Altars:

Annotations:
D:2 Natasha


Innate Abilities, Weirdness & Mutations

A meltable shield of frost defends you. (SH +4)


Message History

There is a stone staircase leading up here.
You conjure some foxfire!
The jackal barks!
The jackal bites you.
The jackal barks! x2
You conjure some foxfire!
The foxfire hits the jackal but does no damage. x2
An adder comes into view.
The foxfire hits the jackal.
The jackal is almost dead.
The jackal closely misses you.
You conjure some foxfire!
The foxfire hits Natasha.
Natasha is lightly wounded.
The foxfire hits the jackal.
The jackal is almost dead.
The jackal closely misses you. The jackal barely misses you.
The jackal bites you.
You barely miss the jackal.
The jackal is almost dead.
The foxfire hits Natasha.
Natasha is lightly wounded.
The jackal misses you. Natasha claws you. You block the jackal's attack.
The jackal closely misses you.
You barely miss the jackal.
The jackal is almost dead.
The jackal barely misses you. The jackal bites you.
The jackal closely misses you. You block the adder's attack.
Natasha casts a spell at you. The magic dart hits you!
* * * LOW HITPOINT WARNING * * *
The jackal bites you.
* * * LOW HITPOINT WARNING * * *
The jackal closely misses you. The jackal bites you.
* * * LOW HITPOINT WARNING * * *
A hobgoblin comes into view.
The adder completely misses you.
It was a potion of brilliance.
You feel clever all of a sudden. Natasha claws you!
You die...

###### ###....
# #....$# ..#
####.....##g..#
#.....Sh......#
#..h@h# #...h.#
###[### #. #.
#. #. #.


You could see Natasha, an adder, 3 jackals and a hobgoblin (wandering).

Vanquished Creatures
  A dart slug (D:1)
  2 ball pythons (D:1)
  An endoplasm (D:1)
  2 hobgoblins (D:1)
  4 jackals (D:1)
  2 bats (D:1)
  2 frilled lizards (D:1)
14 creatures vanquished.

Vanquished Creatures (others)
  42 foxfires
42 creatures vanquished.

Grand Total: 56 creatures vanquished

Notes
Turn   | Place    | Note
-------+----------+-------------------------------------------
     0 | D:1      | gelatine the Demonspawn Fire Elementalist began the quest
                  | for the Orb.
     0 | D:1      | Reached XP level 1. HP: 13/13 MP: 3/3
   340 | D:1      | Gained mutation: A meltable shield of frost defends you.
                  | (SH +4) [demonic ancestry]
   340 | D:1      | Reached XP level 2. HP: 19/19 MP: 1/5
  1096 | D:2      | Noticed Natasha
  1102 | D:2      | Mangled by Natasha

Illustrated notes

Levels and vault maps discovered:
D:1:      roderic_chinese_lattice_arrival, layout_loops_ring, serial_rivers,
          chequers_serial_rivers_room_b, chequers_serial_rivers_small_3,
          chequers_serial_rivers_micro_a, chequers_serial_rivers_room_a,
          chequers_serial_rivers_micro_c, nicolae_figureground_sparkle
D:2:      layout_loops_ring, serial_shops, shop,
          hellmonk_ecumenical_altar_zigzags, basic_altar,
          kennysheep_another_room, minmay_tromino_i4, uniq_natasha, uniq_robin

Skill      XL: |  1 |
---------------+----+-----
Stealth        | 2 |  2.2
Dodging        | |  1.8
Spellcasting   | |  2.3
Conjurations   | |  1.1
Fire Magic     | |  2.9

Action                   || total
-------------------------++-------
Melee: Whip              ||    13
 Cast: Foxfire           ||    26
  Use: Potion            ||     1
Armor: Robe              ||     3
Dodge: Dodged            ||    21
Block: Other             ||     3
